Map: [TLMC19] sugomA

Players

ByuN - Winner!

  • Race: Terran Terran
  • Spawn Location: 5:00

Krystianer

  • Race: Protoss Protoss
  • Spawn Location: 1:00

VOD

Have the link to the VOD?

Description

Time

  • Played on: Dec. 23, 2023, 6:11 a.m.
  • Length: 7:09
Show
View Real Time Build Order
Export as new Build Order

ByuN Terran - Winner!

Build Orders:  

Get SALT Encoding   

  12  0:00  SCV  
  13  0:12  SCV  
  14  0:17  Supply Depot  
  14  0:24  SCV  
  15  0:39  SCV  
  15  0:40  Barracks  
  16  0:43  Refinery  
  16  0:51  SCV  
  17  1:03  SCV  
  18  1:15  SCV  
  19  1:27  Orbital Command, Marine  
  20  1:44  Command Center  
  20  1:49  Factory  
  20  1:53  SCV  
  21  2:01  Refinery  
  21  2:03  Barracks Reactor  
  21  2:05  SCV  
  22  2:10  Supply Depot  
  22  2:17  SCV  
  23  2:32  SCV  
  23  2:33  Hellion  
  23  2:34  Starport  
  26  2:39  Marine x2  
  26  2:44  SCV  
  29  2:54  Widow Mine  
  29  2:56  SCV  
  29  2:57  Orbital Command  
  32  3:00  Marine  
  32  3:01  Marine  
  34  3:08  SCV  
  34  3:12  Medivac  
  37  3:19  Marine x2  
  39  3:20  SCV  
  39  3:22  Factory Tech Lab  
  39  3:23  SCV  
  41  3:29  Supply Depot  
  41  3:32  SCV  
  42  3:35  SCV  
  42  3:44  SCV  
  42  3:45  Siege Tank  
  42  3:46  Marine  
  46  3:51  SCV, Marine, Viking  
  46  3:53  Supply Depot  
  50  3:57  SCV  
  51  4:03  SCV  
  51  4:05  Marine  
  51  4:08  Marine  
  51  4:09  SCV  
  53  4:15  SCV  
  53  4:17  Siege Tank  
  53  4:21  SCV  
  53  4:22  Barracks  
  53  4:23  Marine  
  58  4:26  Marine  
  58  4:27  SCV  
  59  4:33  SCV  
  59  4:34  Starport Tech Lab  
  60  4:39  SCV  
  60  4:40  Marine  
  60  4:42  Barracks  
  62  4:49  Refinery  
  62  4:52  Engineering Bay  
  62  4:55  Supply Depot  
  62  4:57  Marine  
  62  4:58  SCV x2, Marine  
  65  5:10  SCV x2  
  66  5:15  Marine  
  66  5:16  Siege Tank  
  66  5:17  Marine  
  66  5:20  Supply Depot  
  71  5:22  SCV x2  
  71  5:24  Starport Reactor  
  73  5:30  Refinery  
  73  5:32  Marine  
  73  5:33  Marine, Marauder  
  77  5:39  SCV x2  
  77  5:42  Supply Depot  
  71  5:51  SCV  
  71  5:52  SCV  
  71  5:56  Factory Reactor  
  73  6:03  Marauder x2, Medivac x2  
  82  6:04  Supply Depot  
  82  6:05  Marine x2  
  82  6:09  SCV x2, Command Center  
  85  6:19  Barracks  
  85  6:20  Barracks  
  84  6:32  Marine x2, Marauder x2  
  89  6:36  Command Center  
  89  6:37  Widow Mine x2  
  96  6:42  SCV x2  
  96  6:51  Supply Depot  
Show
View Real Time Build Order
Export as new Build Order

Krystianer Protoss 

Build Orders: 1 Gate Expand, Colossus Rush 

Get SALT Encoding   

  12  0:00  Probe  
  13  0:12  Probe  
  14  0:17  Pylon  
  14  0:24  Probe (Chrono Boost)  
  15  0:36  Probe (Chrono Boost)  
  15  0:37  Gateway  
  16  0:43  Probe (Chrono Boost)  
  16  0:46  Assimilator  
  17  0:51  Probe  
  18  1:03  Probe  
  19  1:15  Probe  
  20  1:23  Nexus  
  20  1:34  Cybernetics Core  
  20  1:37  Probe  
  21  1:42  Assimilator  
  21  1:49  Probe  
  21  1:54  Pylon  
  22  2:01  Probe  
  23  2:09  Adept (Chrono Boost)  
  23  2:13  Probe  
  26  2:16  Robotics Facility  
  26  2:19  Warp Gate  
  26  2:26  Probe (Chrono Boost)  
  27  2:35  Adept  
  27  2:36  Probe (Chrono Boost)  
  30  2:38  Probe (Chrono Boost)  
  31  2:45  Probe (Chrono Boost)  
  31  2:46  Probe (Chrono Boost)  
  31  2:50  Probe (Chrono Boost)  
  33  2:52  Probe  
  35  3:01  Shield Battery  
  35  3:02  Probe  
  36  3:07  Probe  
  36  3:09  Robotics Bay  
  37  3:14  Probe  
  38  3:22  Probe  
  37  3:29  Probe  
  38  3:34  Probe  
  38  3:35  Warp Prism (Chrono Boost)  
  41  3:41  Pylon  
  41  3:42  Probe  
  41  3:46  Probe  
  43  3:54  Probe  
  44  3:58  Gateway  
  44  3:59  Probe, Colossus (Chrono Boost)  
  45  4:06  Probe  
  45  4:08  Stalker  
  54  4:11  Probe  
  51  4:18  Probe  
  51  4:23  Probe  
  53  4:30  Probe  
  52  4:35  Probe, Gravitic Drive  
  51  4:42  Probe  
  51  4:45  Stalker  
  51  4:47  Probe  
  52  4:54  Probe  
  52  4:59  Probe  
  52  5:05  Stalker  
  52  5:06  Probe  
  52  5:11  Probe  
  52  5:12  Nexus  
  53  5:14  Pylon  
  53  5:18  Probe  
  54  5:24  Twilight Council  
  54  5:27  Pylon  
  54  5:28  Pylon  
  54  5:32  Stalker x2, Probe x2  
  60  5:40  Pylon  
  60  5:44  Probe x2  
  62  5:56  Probe x2  
  64  5:57  Assimilator  
  64  6:01  Gateway  
  64  6:04  Gateway  
  64  6:08  Probe x2  
  64  6:09  Shield Battery  
  66  6:15  Gateway  
  66  6:16  Gateway  
  66  6:20  Probe x2  
  66  6:22  Stalker  
  66  6:24  Probe  
  62  6:28  Zealot  
  62  6:32  Probe  
  64  6:33  Probe  
  64  6:39  Gateway  
  65  6:45  Probe x2  
  61  6:48  Zealot  
  64  6:54  Pylon  
  64  6:57  Zealot, Probe, Pylon  
Tags
 
Matchup
PvT
Player
ByuN
Replay Pack
December 2023
Spawn Locations
Close Positions
Add a new tag
Caveats
  • Supply blocks, unpowered buildings, or Contaminate may cause inaccurate times.
  • Supply counts are checked every 10 seconds.